 Dungeon Crawl Stone Soup version 0.20.1-1-g8b1a95d (webtiles) character file.

1486 Megalobster the Chopper (level 8, -1/81 HPs)
             Began as a Deep Dwarf Fighter on Aug 2, 2017.
             Slain by an orc warrior
             ... wielding a +0 morningstar
              (18 damage)
             ... on level 7 of the Dungeon.
             The game lasted 00:22:04 (4467 turns).

Megalobster the Chopper (Deep Dwarf Fighter)        Turns: 4467, Time: 00:22:06

Health: -1/81      AC: 12    Str: 22    XL:     8   Next: 50%
Magic:  2/2        EV:  8    Int:  9    God:
Gold:   188        SH: 10    Dex: 12    Spells: 7/7 levels left

rFire    . . .     SeeInvis .   x - -2 mace (curse)
rCold    . . .     Gourm    .   c - +0 shield
rNeg     + . .     Faith    +   E - +1 ring mail of Context {rElec rPois rN+}
rPois    +         Spirit   .   F - +0 helmet
rElec    +         Reflect  .   P - +1 cloak {MR+}
rCorr    .         Harm     .   (no gloves)
MR       ++...                  (no boots)
Stlth    +.........             j - amulet of faith
Regen    0.0/turn               H - ring of wizardry
MPRegen  0.1/turn               (no ring)

@: non-regenerating
A: damage resistance, heal wounds, slimy green scales 1, sense surroundings 1,
robust 1, wild magic 1, no regeneration
a: Heal Wounds


You were on level 7 of the Dungeon.
You were not hungry.

You visited 1 branch of the dungeon, and saw 7 of its levels.

You collected 413 gold pieces.
You spent 225 gold pieces at shops.

Inventory:

Hand Weapons
 a - a +1 war axe
 o - the +9 dagger of Xybyrema {pierce, rC++ Str+8, unknown}
   (You found it on level 6 of the Dungeon)

   It inflicts extra damage upon your enemies.
   It affects your strength (+8).
   It greatly protects you from cold.
 w - a +0 hunting sling
 x - a cursed -2 mace (weapon)
 J - a +1 morningstar of holy wrath
 M - a +0 trident
 O - a +3 quarterstaff of chaos
Missiles
 i - 197 stones
 G - 9 poisoned needles
 K - 3 tomahawks (quivered)
Armour
 b - a +0 scale mail
 c - a +0 shield (worn)
 y - a +0 cloak
 D - the +4 leather armour "Waec" {rElec}
   (You found it on level 4 of the Dungeon)

   It insulates you from electricity.
 E - the +1 ring mail of Context (worn) {rElec rPois rN+}
   (You bought it in a shop on level 4 of the Dungeon)

   It insulates you from electricity.
   It protects you from poison.
   It protects you from negative energy.
 F - a +0 helmet (worn)
 L - a +0 large shield
 P - a +1 cloak of magic resistance (worn)
 U - the cursed +1 leather armour "Vulif" {*Drain rPois rC+ Int+4, unknown}
   (You found it on level 6 of the Dungeon)

   It affects your intelligence (+4).
   It protects you from cold.
   It protects you from poison.
   It causes draining when unequipped.
   It has a curse placed upon it.
Jewellery
 j - an amulet of faith (around neck)
 H - a ring of wizardry (left hand)
Wands
 d - a wand of flame (19/48)
 u - a wand of clouds (6/9)
 Q - a wand of lightning (10/15)
Scrolls
 h - a scroll of immolation
 l - a scroll of enchant armour
 n - a scroll of enchant weapon
 q - a scroll of identify
 z - a scroll of amnesia
 I - 3 scrolls of teleportation
 N - a scroll of fog {unknown}
 R - a scroll of recharging {unknown}
 S - a scroll of random uselessness {unknown}
Potions
 e - a potion of flight
 g - a potion of lignification
 k - 2 potions of curing
 p - 3 potions of haste
 s - 3 potions of agility
 A - a potion of berserk rage
Comestibles
 f - 5 bread rations
 m - 4 meat rations
 B - 2 royal jellies
 T - 3 chunks of flesh


   Skills:
 + Level 5.2 Fighting
 * Level 7.6 Axes
 + Level 6.2 Armour
 + Level 5.9 Shields


You had 7 spell levels left.
You didn't know any spells.

Dungeon Overview and Level Annotations

Branches:
Dungeon (7/15)
 Temple: D:4-7

Altars:

Shops:
D:4 [


Innate Abilities, Weirdness & Mutations

You are resistant to damage.
You can heal yourself by infusing magical energy.
You passively map a small area around you.
You do not regenerate.
You are partially covered in slimy green scales. (AC +2)
You are robust. (+10% HP)
Your spells are a little harder to cast, but a little more powerful.


Message History

You barely miss the centaur. You block the centaur's attack.
You block the shadow imp's attack.
The centaur hits you but does no damage.
You hit the centaur but do no damage. The centaur closely misses you.
You block the orc's attack.
The shadow imp hits you but does no damage.
You block the centaur's attack.
You barely miss the centaur. The centaur barely misses you.
You block the shadow imp's attack. You block the orc's attack.
The centaur misses you. The shadow imp barely misses you.
You hit the centaur but do no damage. You block the centaur's attack.
The orc hits you but does no damage. x2; You block the orc warrior's attack.
The shadow imp hits you but does no damage.
You barely miss the centaur. The centaur hits you.
* * * LOW HITPOINT WARNING * * *
The centaur hits you. The orc barely misses you. You block the orc's attack.
The shadow imp gestures at you. You resist with almost no effort.
The orc warrior hits you with a morningstar!!
You die...

, , * , *,
....., *
,...., * #+
*...# *
##.##...##.,
* ,
#..........
,
#[.o.......,
, ,
#.oco...# ,
#.o@o...# *
#...5......
#..........
#..........,
##..##..#..
####*### # *


You could see an orc warrior, a centaur, an orc wizard, a shadow imp and 3 orcs.

Vanquished Creatures
  2 sky beasts
  2 ogres
  A centaur (D:6)
  2 scorpions
  A howler monkey (D:4)
  A centaur zombie (D:6)
  Crazy Yiuf (D:5)
  3 hounds
  2 bullfrog skeletons
  An orc priest (D:5)
  3 orc wizards
  2 centaur skeletons
  3 iguanas
  6 worker ants
  A hound skeleton (D:5)
  A worker ant zombie (D:5)
  Robin (D:4)
  10 adders
  3 oozes
  An adder zombie (D:5)
  An adder skeleton (D:5)
  2 worms (D:2)
  4 dart slugs
  7 leopard geckos
  24 orcs
  2 ball pythons
  5 giant cockroaches
  18 goblins
  7 hobgoblins
  3 jackals (D:3)
  A quokka (D:4)
  13 bats
  2 frilled lizards
  9 kobolds
  A leopard gecko zombie (D:6)
  7 rats
153 creatures vanquished.

Vanquished Creatures (others)
  A bullfrog (D:6)
1 creature vanquished.

Grand Total: 154 creatures vanquished

Notes
Turn   | Place    | Note
-------+----------+-------------------------------------------
     0 | D:1      | Megalobster the Deep Dwarf Fighter began the quest for the Orb.
     0 | D:1      | Reached XP level 1. HP: 20/20 MP: 1/1
    36 | D:1      | Reached XP level 2. HP: 16/27 MP: 2/2
   400 | D:1      | Reached XP level 3. HP: 11/34 MP: 3/3
   626 | D:1      | Reached skill level 3 in Axes
   892 | D:2      | Reached XP level 4. HP: 37/42 MP: 4/4
  1964 | D:3      | Reached XP level 5. HP: 26/49 MP: 5/5
  2123 | D:3      | Reached skill level 4 in Axes
  2424 | D:4      | Reached XP level 6. HP: 26/57 MP: 5/5
  2484 | D:4      | Found Puxed's Antique Armour Boutique.
  2493 | D:4      | Got a warped leather armour
  2510 | D:4      | Identified the +4 leather armour "Waec" {rElec} (You found it on level 4 of the Dungeon)
  2510 | D:4      | Bought a dazzling ring mail for 225 gold pieces
  2520 | D:4      | Identified the +1 ring mail of Context {rElec rPois rN+} (You bought it in a shop on level 4 of the Dungeon)
  2568 | D:4      | Reached skill level 5 in Axes
  2574 | D:4      | Noticed Robin
  2580 | D:4      | Killed Robin
  2663 | D:4      | Reached skill level 5 in Armour
  2663 | D:4      | Reached XP level 7. HP: 32/64 MP: 5/5
  2988 | D:4      | Reached skill level 5 in Shields
  3036 | D:5      | Entered Level 5 of the Dungeon
  3075 | D:5      | Reached skill level 6 in Axes
  3573 | D:5      | Found a runed door.
  3577 | D:5      | Noticed Crazy Yiuf
  3586 | D:5      | Killed Crazy Yiuf
  3586 | D:5      | Reached XP level 8. HP: 23/73 MP: 0/3
  3869 | D:6      | Reached skill level 7 in Axes
  3999 | D:6      | Reached skill level 5 in Fighting
  4192 | D:6      | Got an encrusted dagger
  4262 | D:6      | Got a ruby-studded leather armour
  4297 | D:6      | Gained mutation: You are robust. (+10% HP) [potion of mutation]
  4297 | D:6      | Gained mutation: You are partially covered in slimy green scales. (AC +2) [potion of mutation]
  4297 | D:6      | Gained mutation: Your spells are a little harder to cast, but a little more powerful. [potion of mutation]
  4467 | D:7      | Slain by an orc warrior

Skill      XL: |  1  2  3  4  5  6  7  8 |
---------------+-------------------------+-----
Fighting       | 3 4 5 |  5.2
Axes           | 3 4 5 6 7 |  7.6
Armour         | 4 5 6 |  6.2
Shields        | 4 5 |  5.9

Action                   |  1- 3 |  4- 6 |  7- 9 || total
-------------------------+-------+-------+-------++-------
Melee: War axe           |   138 |   187 |   134 ||   459
       Mace              |       |       |   186 ||   186
Throw: Stone             |     4 |     4 |       ||     8
       Tomahawk          |       |       |    11 ||    11
 Abil: Heal Wounds       |     1 |     3 |     5 ||     9
  Use: Potion            |       |     1 |     4 ||     5
       Scroll            |       |       |    13 ||    13
  Eat: Chunk             |       |     6 |     7 ||    13
Armor: Scale mail        |    93 |    52 |       ||   145
       Ring mail         |       |    10 |   170 ||   180
Dodge: Dodged            |    58 |    59 |   126 ||   243
Block: Shield            |   102 |    95 |   209 ||   406
